 Dungeon Crawl Stone Soup version 0.30-b1-2-g02819fbbbe (webtiles) character file.

Game seed: 13685699365575897413

252 GrindonB the Ruffian (level 6, -4/53 HPs)
             Began as a Ghoul Monk on May 27, 2023.
             Was a Believer of Qazlal.
             Slain by a gnoll
             ... wielding a +0 whip
              (7 damage)
             ... on level 4 of the Dungeon on June 4, 2023.
             The game lasted 00:13:48 (2877 turns).

GrindonB the Ruffian (Ghoul Monk)                   Turns: 2877, Time: 00:13:48

Health: -4/53      AC:  2    Str: 17    XL:     6   Next: 14%
Magic:  5/5        EV: 12    Int:  5    God:    Qazlal [**....]
Gold:   86         SH:  3    Dex: 11    Spells: 5/5 levels left

rFire   . .          .
                       - Unarmed
rCold   + . .        c - orb {light}
rNeg    + + +        a - +0 robe
rPois   ∞            (no helmet)
rElec   .            (no cloak)
rCorr   .            (no gloves)
SInv    .            (no boots)
Will    .....        (no amulet)
Stlth   +            (no ring)
HPRegen 0.00/turn    (no ring)
MPRegen 0.09/turn

%: no passive effects
@: inhibited regen, glowing
A: claws 1, cold resistance 1, negative energy resistance 3, inhibited
regeneration, torment resistance 2, devour on kill
a: Renounce Religion, Upheaval


You were on level 4 of the Dungeon.
You worshipped Qazlal.
Qazlal was pleased with you.
You visited 1 branch of the dungeon, and saw 4 of its levels.

You collected 86 gold pieces.

Inventory:

Hand Weapons
 g - a +0 spear
 p - the +8 whip of the Mashing Oracle {heavy, Str+5}
   (You found it on level 2 of the Dungeon)

   Str:       It affects your strength (+5).
 q - a +0 short sword
 s - a +0 sling
 v - a +0 falchion of venom
Missiles
 m - 18 poisoned darts (quivered)
Armour
 a - a +0 robe (worn)
 c - an orb of light (worn)
Wands
 n - a wand of polymorph (6)
Scrolls
 f - 2 scrolls of enchant armour {unknown}
 h - a scroll of teleportation {unknown}
 i - 2 scrolls of torment {unknown}
 k - a scroll of poison {unknown}
 o - 3 scrolls of identify {unknown}
 r - a scroll of vulnerability {unknown}
 t - 2 scrolls of noise {unknown}
 u - a scroll of enchant weapon {unknown}
 x - a scroll of magic mapping {unknown}
Potions
 b - a potion of ambrosia
 d - a potion of haste {unknown}
 e - a potion of heal wounds {unknown}
 j - a potion of invisibility {unknown}
 l - a potion of curing {unknown}
 w - a potion of cancellation {unknown}
 z - a potion of flight {unknown}


   Skills:
 + Level 4.3 Fighting
 + Level 3.4 Dodging
 + Level 1.0 Stealth
 + Level 0.1 Shields
 + Level 6.0 Unarmed Combat


You had 5 spell levels left.
You didn't know any spells.
Your spell library contained the following spells:

 Spells                   Type           Power      Damage    Failure   Level
 Portal Projectile        Hex/Tloc       0%         N/A       85%         3
 Tukima's Dance           Hex            0%         N/A       85%         3
 Blade Hands              Tmut           Unusable   N/A       N/A         5

Dungeon Overview and Level Annotations

Branches:
Dungeon (4/15)
 Temple: D:4-7

Altars:
Okawaru
Qazlal
Ru
Yredelemnul

Shops:
D:1 [


Innate Abilities, Weirdness & Mutations

You are immune to poison.
You have sharp fingernails.
Your flesh is cold resistant. (rC+)
You are immune to negative energy. (rN+++)
You do not regenerate when monsters are visible.
You are immune to unholy pain and torment.
You thrive by killing the living.


Message History

You have reached level 6!
You hear a shout!
The gnoll hits you with a +0 spear.
A gnoll comes into view. It is wielding a +0 whip.
You see here a hound corpse.
You claw the gnoll!
The gnoll is heavily wounded.
The gnoll hits you with a +0 spear.
You scratch the gnoll.
The gnoll is almost dead.
The gnoll hits you with a +0 spear.
* * * LOW HITPOINT WARNING * * *
You claw the gnoll!
You kill the gnoll!
Qazlal accepts your kill. The gnoll closely misses you.
Your Unarmed Combat skill increases to level 6!
A gnoll is nearby!
Found a gluggy clear potion.
You scratch the gnoll.
The gnoll is lightly wounded.
The gnoll barely misses you. The gnoll attacks as you move away!
The gnoll closely misses you. The gnoll attacks as you move away!
The gnoll hits you with a +0 spear.
* * * LOW HITPOINT WARNING * * *
The gnoll hits you from afar with a +0 spear.
* * * LOW HITPOINT WARNING * * *
The gnoll attacks as you move away! The gnoll hits you but does no damage.
Found 6 stones.
The gnoll attacks as you move away! The gnoll closely misses you.
Found a fizzy blue potion.
The gnoll attacks as you move away! The gnoll closely misses you.
Found a stone staircase leading up.
The gnoll attacks as you move away! The gnoll barely misses you.
Found a book of Cantrips.
The gnoll attacks as you move away! The gnoll completely misses you.
You see here a fizzy blue potion.
The gnoll attacks as you move away! The gnoll barely misses you.
The gnoll attacks as you move away! The gnoll hits you with a +0 whip!
You die...

.......##..# #
..#.......######..#
..<...............#
.....###.###.###..##
...<.# #.# #.^......
.....# #+###..#.....
..#....+_###.....###
..#..###+###....#### #
.....# #. #....@g.# .#
##...###.###$.#.##.##.# .
..........††........####
##........###)##..........
........###.##...#......
........##..####g....:#.
.............g.!..#.....
.....................###
..............###......


You could see a gnoll.

Vanquished Creatures
  A hound (D:4)
  An iguana (D:4)
  Robin (D:3)
  2 gnolls
  6 adders
  A dart slug (D:3)
  3 worms
  6 orcs (D:3)
  9 endoplasms
  A giant cockroach (D:3)
  11 goblins
  14 hobgoblins
  3 jackals (D:2)
  12 kobolds
  A quokka (D:1)
  3 ball pythons
  8 bats
  5 frilled lizards
  5 rats
93 creatures vanquished.

Vanquished Creatures (others)
  9 plants (D:1)
9 creatures vanquished.

Grand Total: 102 creatures vanquished

Notes
Turn   | Place    | Note
-------+----------+-------------------------------------------
     0 | D:1      | GrindonB the Ghoul Monk began the quest for the Orb.
     0 | D:1      | Reached XP level 1. HP: 19/19 MP: 0/0
    72 | D:1      | Found Qaasosuz's Antique Armour Emporium.
   180 | D:1      | Reached XP level 2. HP: 26/26 MP: 1/1
   269 | D:1      | Reached XP level 3. HP: 33/33 MP: 2/2
   723 | D:1      | Reached skill level 4 in Unarmed Combat
  1033 | D:2      | Reached XP level 4. HP: 37/40 MP: 3/3
  1360 | D:2      | Identified the +8 whip of the Mashing Oracle {heavy, Str+5}
  1659 | D:2      | Reached XP level 5. HP: 41/46 MP: 4/4
  1909 | D:3      | Found a large runed translucent door.
  1910 | D:3      | Found a large runed translucent door.
  1938 | D:3      | Found a stormy altar of Qazlal.
  1954 | D:3      | Became a worshipper of Qazlal Stormbringer
  1954 | D:3      | Reached * piety under Qazlal
  1954 | D:3      | Reached ** piety under Qazlal
  1973 | D:3      | Reached skill level 5 in Unarmed Combat
  2110 | D:3      | Noticed Robin
  2145 | D:3      | Killed Robin
  2203 | D:3      | Found an iron altar of Okawaru.
  2203 | D:3      | Found a basalt altar of Yredelemnul.
  2835 | D:4      | Found a sacrificial altar of Ru.
  2846 | D:4      | Reached skill level 1 in Stealth
  2850 | D:4      | Reached XP level 6. HP: 30/53 MP: 5/5
  2854 | D:4      | Reached skill level 6 in Unarmed Combat
  2877 | D:4      | Slain by a gnoll

Illustrated notes

Levels and vault maps discovered:
D:1:      roderic_crop_circles_arrival_small, layout_loops_corners,
          serial_shops, shop
D:2:      layout_basic, serial_forest, infiniplex_forest_join,
          infiniplex_forest_fountain, infiniplex_forest_clump_small,
          infiniplex_forest_zigzag_1, minmay_distorted
D:3:      layout_rooms, jmf_multi_god_temple2, gammafunk_temple_overflow_pools,
          minivault_24, skrybe_limestone_x, uniq_robin
D:4:      layout_rooms, lemuel_doored_altar, kennysheep_mini, slow_altar_2,
          minmay_temple_entry_tees, serial_shops, nicolae_shop_hallway_plus

Skill      XL: |  1  2  3  4  5  6 |
---------------+-------------------+-----
Dodging        | 3 |  3.4
Unarmed Combat | 4 5 6 |  6.0
Fighting       | 4 |  4.3
Stealth        | 1 |  1.0
Shields        | |  0.1

Action                     |  1- 3 |  4- 6 || total
---------------------------+-------+-------++-------
  Melee: Unarmed           |    93 |   153 ||   246
 Armour: Robe              |    16 |    25 ||    41
  Dodge: Dodged            |    32 |    77 ||   109
  Block: Orb               |       |     7 ||     7
